 Dungeon Crawl Stone Soup version 0.22-a0-252-gcace5d2 (webtiles) character file.

40618 4thArraOfDagon the Carver (level 13, -1/91 HPs)
             Began as a Mummy Enchanter on Mar 2, 2018.
             Was a High Priest of Cheibriados.
             Killed from afar by an electric eel (8 damage)
             ... with a bolt of electricity
             ... on level 2 of the Lair of Beasts.
             The game lasted 00:40:15 (12391 turns).

4thArraOfDagon the Carver (Mummy Enchanter)        Turns: 12391, Time: 00:40:16

Health: -1/91      AC: 19    Str: 27    XL:     13   Next: 75%
Magic:  19/19      EV: 14    Int: 27    God:    Cheibriados [*****.]
Gold:   1374       SH: 27    Dex: 24    Spells: 11/17 levels left

rFire    x . .     SeeInvis .   e - +5 scimitar (flame)
rCold    + . .     Gourm    .   G - +10 large shield of Ignorance {rN+ Int-4}
rNeg     + + +     Faith    .   H - +2 pearl dragon scales
rPois    ∞         Spirit   .   F - +0 helmet
rElec    .         Reflect  .   x - +0 cloak
rCorr    .         Harm     .   m - +0 pair of gloves
MR       +....                  (no boots)
Stlth    +.........             a - amulet of regeneration
HPRegen  0.65/turn              q - +3 ring of strength
MPRegen  0.16/turn              (no ring)

@: very slow
A: no food or potions, fire vulnerability, cold resistance 1, negative energy
resistance 3, torment resistance, unbreathing, in touch with death 1
a: Bend Time, Temporal Distortion, Slouch, Step From Time, Renounce Religion


You were on level 2 of the Lair of Beasts.
You worshipped Cheibriados.
Cheibriados was extremely pleased with you.
You were not hungry.

You visited 3 branches of the dungeon, and saw 18 of its levels.
You also visited: Labyrinth, Sewer and Ossuary.

You collected 1674 gold pieces.
You spent 300 gold pieces at shops.

Inventory:

Hand Weapons
 e - a +5 scimitar of flaming (weapon)
 g - a +2 dagger of venom
 p - a +2 scimitar of slicing
 t - a +1 longbow of freezing
Armour
 m - a +0 pair of gloves (worn)
 x - a +0 cloak (worn)
 F - a +0 helmet (worn)
 G - the +10 large shield of Ignorance (worn) {rN+ Int-4}
   (You took it off a minotaur in a labyrinth)

   It affects your intelligence (-4).
   It protects you from negative energy.
 H - +2 pearl dragon scales (worn)
Magical Staves
 r - an uncursed staff of cold
 J - an uncursed staff of wizardry {!a}
Jewellery
 a - an amulet of regeneration (around neck)
 f - a +3 amulet of reflection
 q - a +3 ring of strength (left hand)
Wands
 u - a wand of disintegration (25)
 v - a wand of acid (1)
 w - a wand of iceblast (32)
 y - a wand of flame (88)
 B - a wand of scattershot (7)
 I - a wand of polymorph (28)
 K - a wand of digging (18)
Scrolls
 b - a scroll of brand weapon
 c - a scroll of random uselessness
 d - 2 scrolls of amnesia
 h - 6 scrolls of remove curse
 i - 2 scrolls of fear
 j - 2 scrolls of fog
 k - 4 scrolls of blinking
 l - 2 scrolls of noise
 n - 2 scrolls of magic mapping
 o - a scroll of enchant armour
 s - 3 scrolls of teleportation
 z - a scroll of immolation
 A - 2 scrolls of silence
 D - 3 scrolls of identify
 E - 2 scrolls of torment
Miscellaneous
 C - a lamp of fire


   Skills:
 - Level 5.3 Fighting
 - Level 3.1(8.5) Short Blades
 * Level 12.1(12.2) Long Blades
 + Level 8.3 Armour
 + Level 8.7 Dodging
 - Level 2.4 Stealth
 * Level 6.2 Shields
 - Level 2.6 Spellcasting
 - Level 2.6 Hexes
 - Level 8.0 Invocations


You had 11 spell levels left.
You knew the following spells:

 Your Spells              Type           Power        Failure   Level  Hunger
a - Corona                Hex            ###....      63%         1    N/A
b - Ensorcelled Hibernat  Hex/Ice        ##....       91%         2    N/A
c - Confuse               Hex            ###.....     94%         3    N/A

Dungeon Overview and Level Annotations

Branches:
Dungeon (14/15)            Temple (0/1) D:4            Lair (2/6) D:9
    Orc (2/2) D:10            Elf (0/3) Orc:2
  Swamp: Lair:2-4    Shoals: Lair:2-4     Snake: Lair:2-4    Spider: Lair:2-4
 Vaults: D:13-14

Altars:
Ashenzari
Cheibriados
Elyvilon
Kikubaaqudgha
Makhleb
Okawaru
Qazlal
Trog
Vehumet
Xom
Zin
Beogh

Shops:
D:7 =   D:10 =   Orc:2 =[!!:

Annotations:
D:5 Menkaure
Orc:2 Saint Roka


Innate Abilities, Weirdness & Mutations

You do not eat or drink.
Your flesh is vulnerable to fire.
You are immune to poison.
Your flesh is cold resistant. (rC+)
You are immune to negative energy. (rN+++)
You are immune to unholy pain and torment.
You can survive without breathing.
You are in touch with the powers of death.


Message History

The bolt of electricity hits you!
* * * LOW HITPOINT WARNING * * *
Found 13 gold pieces.
Unknown command.
Unknown command.
You closely miss the electric eel.
Unknown command.
You closely miss the electric eel.
Unknown command.
Evoke which item? (* to show all) (? for menu, Esc to quit)
Aiming: Iceblast
Press: ? - help, Shift-Dir - straight line The mass of ice explodes!
The iceblast engulfs the electric eel.
The electric eel is severely wounded.
You hear a croak.
The electric eel shoots out a bolt of lightning at you!
The bolt of electricity hits you!
* * * LOW HITPOINT WARNING * * *
The bolt of electricity hits you!
You die...

....##
#####...##
.... #.....#
.#..
#.#...##
.#..
###.†..#
####....##
##...#...##
♣≈........#
♣≈...P...P#
♣≈..≈♣@..##
♣≈≈..≈;≈..≈#
P≈...≈≈≈≈≈P#
≈≈...≈≈≈≈≈≈♣
≈≈....≈≈≈≈≈♣
P≈≈..≈P≈PP≈♣
≈≈...≈≈P≈≈≈♣
≈..$.≈≈≈≈≈≈♣


You could see an electric eel.

Vanquished Creatures
  Agnes (D:14)
  Donald (Orc:2)
  A minotaur (Lab)
  Erolcha (D:13)
  A hydra (D:14)
  Erica (D:8)
  The ghost of Autsider the Summoner, a novice DrSu of Sif Muna (Lair:1)
  2 two-headed ogres
  An ogre mage (Orc:2)
  Nergalle (Orc:2)
  3 skeletal warriors (D:12)
  3 unseen horrors
  An orc knight (Orc:2)
  Pikel (D:6)
  10 orc sorcerers
  3 cyclopes
  4 slime creatures
  A manticore (D:10)
  Maurice (D:9)
  Joseph (D:10)
  A komodo dragon (D:14)
  7 trolls
  4 dream sheep (Lair:1)
  5 hippogriffs
  Sigmund (D:6)
  A vampire (D:13)
  4 wyverns
  2 wraiths
  A human (D:12)
  37 yaks
  A water elemental (D:14)
  Grum (Lair:1)
  2 hogs (D:12)
  A warg (Orc:2)
  An acid dragon (D:13)
  3 water moccasins
  Duvessa (D:7)
  5 porcupines
  A sky beast (D:9)
  18 orc warriors
  3 ice beasts
  3 black bears
  2 phantoms
  4 wolves (Lair:1)
  3 centaurs
  5 ogres
  4 crocodiles (Lair:1)
  A big kobold (D:10)
  13 bullfrogs
  Dowan (D:7)
  A scorpion (D:6)
  7 wights
  3 howler monkeys
  2 electric eels (Lair:2)
  8 crimson imps
  A wyvern simulacrum (D:14)
  6 centaur zombies
  7 hounds
  9 jellies
  14 orc priests
  3 bullfrog skeletons
  3 centaur skeletons
  Natasha (twice) (D:3 D:2)
  3 iguanas
  37 orc wizards
  4 worker ants
  A killer bee zombie (D:7)
  3 ogre zombies (Ossuary)
  7 mummies (Ossuary)
  2 worker ant zombies
  Robin (D:2)
  3 gnolls (D:10)
  A howler monkey skeleton (D:11)
  15 adders
  2 shadow imps
  14 oozes
  3 adder zombies
  2 adder skeletons
  3 worms
  A dart slug (D:2)
  3 leopard geckos
  70 orcs
  4 bats
  4 giant cockroaches
  11 goblins
  5 hobgoblins
  16 jackals
  5 quokkas
  3 ball pythons (Sewer)
  5 frilled lizards
  A giant cockroach zombie (D:6)
  5 goblin zombies (Ossuary)
  3 hobgoblin zombies (Ossuary)
  3 jackal skeletons
  15 kobolds
  6 kobold zombies (Ossuary)
  A leopard gecko zombie (D:5)
  4 quokka zombies (Ossuary)
  11 rats
  5 rat zombies (Ossuary)
  A bush (D:13)
  3 plants
527 creatures vanquished.

Vanquished Creatures (others)
  A slave (D:6)
  An orc (Orc:2)
  2 bushes (D:13)
  5 fungi (Lair:1)
  A plant (Sewer)
10 creatures vanquished.

Grand Total: 537 creatures vanquished

Notes
Turn   | Place    | Note
-------+----------+-------------------------------------------
     0 | D:1      | 4thArraOfDagon the Mummy Enchanter began the quest for the Orb.
     0 | D:1      | Reached XP level 1. HP: 13/13 MP: 4/4
    79 | D:2      | Reached skill level 1 in Short Blades
   220 | D:1      | Reached XP level 2. HP: 7/19 MP: 3/5
   239 | D:1      | Learned a level 2 spell: Ensorcelled Hibernation
   489 | D:2      | Reached XP level 3. HP: 12/24 MP: 7/7
   494 | D:2      | Learned a level 3 spell: Confuse
   975 | D:2      | Found a snail-covered altar of Cheibriados.
   982 | D:2      | Became a worshipper of Cheibriados the Contemplative
  1198 | D:2      | Noticed Robin
  1216 | D:2      | Killed Robin
  1216 | D:2      | Reached XP level 4. HP: 23/31 MP: 8/8
  1543 | D:1      | Reached * piety under Cheibriados
  2071 | D:3      | Reached skill level 1 in Fighting
  2083 | D:3      | Found a shimmering altar of Xom.
  2083 | D:3      | Noticed Natasha
  2085 | D:3      | Found a shimmering altar of Xom.
  2085 | D:3      | Found a shimmering altar of Xom.
  2085 | D:3      | Found a shimmering altar of Xom.
  2086 | D:3      | Found a shimmering altar of Xom.
  2092 | D:3      | Killed Natasha
  2101 | D:3      | Found a shimmering altar of Xom.
  2101 | D:3      | Found a shimmering altar of Xom.
  2170 | D:3      | Found a glowing drain.
  2175 | D:3      | Noticed Natasha
  2245 | D:3      | Reached skill level 1 in Invocations
  2248 | D:3      | Reached XP level 5. HP: 16/37 MP: 9/9
  2263 | Sewer    | Entered a sewer
  2376 | Sewer    | Reached skill level 1 in Armour
  2513 | Sewer    | Reached ** piety under Cheibriados
  2910 | D:2      | Killed Natasha
  2969 | D:3      | Noticed a moth of wrath
  2972 | D:3      | Found a bloodstained altar of Trog.
  3052 | D:4      | Found an iron altar of Okawaru.
  3062 | D:4      | Reached XP level 6. HP: 26/44 MP: 10/10
  3109 | D:4      | Reached *** piety under Cheibriados
  3183 | D:4      | Found a staircase to the Ecumenical Temple.
  3388 | D:4      | Found an ancient bone altar of Kikubaaqudgha.
  3522 | D:5      | Entered Level 5 of the Dungeon
  3558 | D:5      | Noticed Menkaure
  3627 | D:5      | Reached XP level 7. HP: 29/51 MP: 11/11
  3760 | D:5      | Reached **** piety under Cheibriados
  3935 | D:6      | Found a glowing silver altar of Zin.
  4153 | D:6      | Found a burning altar of Makhleb.
  4207 | D:6      | Noticed Sigmund
  4220 | D:6      | Reached XP level 8. HP: 55/60 MP: 8/12
  4246 | D:6      | Killed Sigmund
  4346 | D:7      | Noticed Duvessa
  4367 | D:8      | Noticed a two-headed ogre
  4370 | D:8      | Found a stormy altar of Qazlal.
  4376 | D:8      | Noticed a two-headed ogre
  4453 | D:8      | Noticed Erica
  4507 | D:8      | Identified the +9 mace of the Unstoppable Songs {holy, +Rage rF++ MR+++ SInv} (You found it on level 8 of the Dungeon)
  4508 | D:8      | :(
  4558 | D:8      | Killed Erica
  4558 | D:8      | Reached skill level 5 in Fighting
  4576 | D:8      | Reached XP level 9. HP: 43/68 MP: 13/13
  4620 | D:8      | Found a sand-covered staircase.
  4629 | Ossuary  | Entered an ossuary
  4752 | Ossuary  | Reached ***** piety under Cheibriados
  4853 | Ossuary  | Reached skill level 1 in Long Blades
  4964 | Ossuary  | Reached skill level 5 in Dodging
  4964 | Ossuary  | Reached skill level 5 in Invocations
  5150 | D:8      | Reached skill level 2 in Long Blades
  5281 | D:7      | Reached skill level 3 in Long Blades
  5463 | D:7      | Reached skill level 4 in Long Blades
  5518 | D:7      | Reached skill level 5 in Long Blades
  5530 | D:7      | Found Diddai's Jewellery Shoppe.
  5538 | D:7      | Bought an uncursed amulet of regeneration for 300 gold pieces
  5666 | D:6      | Noticed Pikel
  5676 | D:6      | Killed Pikel
  5676 | D:6      | Reached skill level 6 in Long Blades
  5697 | D:6      | Found a white marble altar of Elyvilon.
  5829 | D:7      | Noticed Dowan
  5858 | D:7      | Killed Duvessa
  5861 | D:7      | Got a heavily runed scale mail
  5863 | D:7      | Killed Dowan
  5882 | D:7      | Identified the +8 scale mail "Foppafu" {rN++} (You took it off Duvessa on level 7 of the Dungeon)
  5949 | D:7      | Noticed a troll
  5955 | D:7      | Killed a troll
  5955 | D:7      | Reached XP level 10. HP: 59/74 MP: 10/14
  6096 | D:9      | Reached skill level 7 in Long Blades
  6197 | D:9      | Noticed Maurice
  6203 | D:9      | Killed Maurice
  6274 | D:9      | Found a staircase to the Lair.
  6301 | D:10     | Entered Level 10 of the Dungeon
  6301 | D:10     | Noticed Joseph
  6305 | D:10     | Found Hiclaopn's Jewellery Emporium.
  6315 | D:10     | Killed Joseph
  6316 | D:10     | Reached ****** piety under Cheibriados
  6333 | D:10     | Reached skill level 8 in Long Blades
  6384 | D:10     | Noticed a manticore
  6410 | D:10     | Killed a manticore
  6410 | D:10     | Reached skill level 5 in Armour
  6550 | D:10     | Killed an unseen horror
  6550 | D:10     | Reached skill level 9 in Long Blades
  6550 | D:10     | Reached XP level 11. HP: 75/80 MP: 15/15
  6630 | D:9      | Noticed a two-headed ogre
  6634 | D:9      | Killed a two-headed ogre
  7068 | D:9      | Found a shattered altar of Ashenzari.
  7264 | D:10     | Found a staircase to the Orcish Mines.
  7501 | D:11     | Killed a two-headed ogre
  7669 | D:11     | Killed an unseen horror
  8089 | D:12     | Noticed a skeletal warrior
  8107 | D:12     | Killed a skeletal warrior
  8107 | D:12     | Reached skill level 10 in Long Blades
  8308 | D:12     | Noticed a skeletal warrior
  8308 | D:12     | Noticed a skeletal warrior
  8313 | D:12     | Killed a skeletal warrior
  8316 | D:12     | Killed a skeletal warrior
  8647 | D:13     | Found a labyrinth entrance.
  8657 | D:13     | Reached XP level 12. HP: 59/86 MP: 16/16
  8665 | Lab      | Entered a labyrinth
  8732 | Lab      | Noticed a minotaur
  8749 | Lab      | Killed a minotaur
  8777 | Lab      | Identified a +1 pair of boots of running (You found it in a labyrinth)
  9115 | D:13     | Reached skill level 1 in Shields
  9156 | D:13     | Noticed Erolcha
  9161 | D:13     | Killed Erolcha
  9446 | D:14     | Found a shattered altar of Ashenzari.
  9450 | D:14     | Noticed Agnes
  9452 | D:14     | Killed Agnes
  9452 | D:14     | Reached skill level 11 in Long Blades
  9518 | D:14     | Noticed a five-headed hydra
  9528 | D:14     | Killed a one-headed hydra
  9710 | D:14     | Found a runed door.
  9717 | D:14     | Noticed a fire giant
  9717 | D:14     | Noticed a seven-headed hydra
  9799 | Orc:1    | Entered Level 1 of the Orcish Mines
 10222 | Orc:2    | Entered Level 2 of the Orcish Mines
 10278 | Orc:2    | Gained mutation: You are in touch with the powers of death. [Mummy growth]
 10278 | Orc:2    | Reached XP level 13. HP: 91/91 MP: 18/18
 10393 | Orc:2    | Found a staircase to the Elven Halls.
 10453 | Orc:2    | Found a roughly hewn altar of Beogh.
 10530 | Orc:2    | Found Joqoqaaj's Jewellery Shoppe.
 10637 | Orc:2    | Noticed Donald
 10648 | Orc:2    | Found a roughly hewn altar of Beogh.
 10649 | Orc:2    | Found a roughly hewn altar of Beogh.
 10649 | Orc:2    | Found Haodghad's Antique Armour Shop.
 10767 | Orc:2    | Killed Donald
 10929 | Orc:2    | Reached skill level 5 in Shields
 10940 | Orc:2    | Found Fucolyics's Distillery.
 10976 | Orc:2    | Found a radiant altar of Vehumet.
 11029 | Orc:2    | Found Asut's Distillery.
 11054 | Orc:2    | Noticed Nergalle
 11069 | Orc:2    | Killed Nergalle
 11141 | Orc:2    | Found an ancient bone altar of Kikubaaqudgha.
 11201 | Orc:2    | Noticed Saint Roka
 11202 | Orc:2    | Found Erobuohu's Book Boutique.
 11328 | Lair:1   | Entered Level 1 of the Lair of Beasts
 11464 | Lair:1   | Found a white marble altar of Elyvilon.
 11548 | Lair:1   | Noticed Autsider's ghost (novice DrSu)
 11571 | Lair:1   | Killed Autsider's ghost
 11597 | Lair:1   | Reached skill level 12 in Long Blades
 11616 | Lair:1   | Noticed Grum
 11628 | Lair:1   | Killed Grum
 12391 | Lair:2   | Killed from afar by an electric eel

Vault maps used:
D:1:      dpeg_arrival_short_road, kennysheep_boxes
D:2:      marbit_many_paths, uniq_robin
D:3:      tgw_trog, lemuel_doored_altar, nicolae_xom_altar_mimics, minitemple,
          cheibrodos_sewer_entry_drain, first_ration, nrook_loot_triangle,
          uniq_natasha
D:4:      kennysheep_mini_moat, nicolae_overflow_crystal_walls,
          minmay_temple_entry_junction, minivault_5, minmay_strange_pillars,
          grunt_ministairs_11
D:5:      kennysheep_generic_room_3, uniq_menkaure
D:6:      overflow_temple_1_default, kennysheep_little_box, serial_glass,
          glass_columns_b, glass_columns_b, minmay_strange_pillars,
          item_on_display_a, feat_on_display, feat_on_display, basic_altar,
          minmay_misc_feat_ornament, uniq_sigmund, uniq_pikel
D:7:      serial_shops, nicolae_shop_temple_entry_statues_fountains,
          uniq_duvessa
D:8:      grunt_qazlal_clouds, lemuel_crystal_altar, enter_ossuary_2, uniq_erica
D:9:      old_standard_altar, lair_entry_dummy, uniq_maurice
D:10:     orc_0_dummy, serial_shops, nicolae_shop_stone, uniq_joseph
D:12:     grunt_livestock
D:13:     lab_entry_generic, minmay_hedge_maze, uniq_erolcha
D:14:     grunt_vaults_entry_fortified, evilmike_ruin_ashenzari, serial_shops,
          shop, wad_hexagon, uniq_agnes
Lair:1:   lemuel_slime, basic_altar, grunt_megastairs_3, serial_bayou_shore_b,
          uniq_grum
Lair:2:   serial_bayou, serial_bayou_shore_b, serial_bayou_lake_a,
          serial_bayou_pond_e, serial_bayou_ford_a, kennysheep_rathole,
          infiniplex_staircase_pool
Orc:2:    kennysheep_orc_mage_school, basic_altar, serial_shops, shop_fountains,
          minmay_orc_temple_a, uniq_donald, uniq_saint_roka
Lab:      labyrinth_watery
Sewer:    sewer_co_scattered_pipes
Ossuary:  ossuary_boxes_badplayer

Skill      XL: |  1  2  3  4  5  6  7  8  9 10 11 12 13 |
---------------+----------------------------------------+-----
Short Blades   | 1 2 3 |  3.1
Fighting       | 1 2 4 5 |  5.3
Dodging        | 2 3 4 5 6 7 8 |  8.7
Invocations    | 1 2 3 4 5 6 7 8 |  8.0
Armour         | 1 2 3 4 5 6 7 8 |  8.3
Long Blades    | 6 9 10 11 12 | 12.1
Shields        | 4 6 |  6.2
Stealth        | |  2.4
Spellcasting   | |  2.6
Hexes          | |  2.6

Action                   |  1- 3 |  4- 6 |  7- 9 | 10-12 | 13-15 || total
-------------------------+-------+-------+-------+-------+-------++-------
Melee: Dagger            |    75 |   328 |   151 |       |       ||   554
       Scimitar          |       |       |   130 |   500 |   465 ||  1095
 Cast: Corona            |     1 |       |     6 |       |       ||     7
       Ensorcelled Hiber |    11 |     3 |    17 |       |       ||    31
       Confuse           |       |       |     9 |       |       ||     9
Invok: Slouch            |       |       |       |    13 |     6 ||    19
       Temporal Distorti |       |       |       |       |     2 ||     2
Evoke: Wand              |       |       |     4 |     6 |     1 ||    11
       Lamp of fire      |       |       |       |     1 |     1 ||     2
  Use: Scroll            |       |     9 |    12 |     7 |     7 ||    35
 Stab: Sleeping          |    10 |     7 |    31 |     2 |     1 ||    51
       Distracted        |       |     1 |       |     1 |       ||     2
       Confused          |       |       |     8 |     1 |       ||     9
Armor: Robe              |     5 |    24 |    17 |       |       ||    46
       Scale mail        |       |       |     5 |   126 |       ||   131
       Pearl dragon scal |       |       |       |    75 |    60 ||   135
Dodge: Dodged            |    38 |   145 |   179 |   241 |    88 ||   691
Block: Other             |       |     3 |    23 |       |       ||    26
       Large shield      |       |       |       |   284 |   495 ||   779
       Rpst.: Scimitar   |       |       |    25 |    59 |    30 ||   114

Table legend:
 A = Spawn XP
 B = Non-spawn XP
 C = Spawn XP percentage of total XP
 D = Spawn monster count
 E = Non-spawn monster count
 F = Spawn count percentage of total count
 G = Total turns spent on level
                    A         B        C        D         E        F      G
               +---------+---------+-------+---------+---------+-------+---------
         Total |       0 |   58026 |   0.0 |       0 |     523 |   0.0 | 12391
               +---------+---------+-------+---------+---------+-------+---------
           D:1 |       0 |      30 |   0.0 |       0 |      15 |   0.0 |   716
           D:2 |       0 |     145 |   0.0 |       0 |      29 |   0.0 |  1287
           D:3 |       0 |      61 |   0.0 |       0 |      17 |   0.0 |   375
           D:4 |       0 |     293 |   0.0 |       0 |      18 |   0.0 |   514
           D:5 |       0 |     306 |   0.0 |       0 |      18 |   0.0 |   402
           D:6 |       0 |    1506 |   0.0 |       0 |      24 |   0.0 |   645
           D:7 |       0 |    1765 |   0.0 |       0 |      24 |   0.0 |   595
           D:8 |       0 |    1153 |   0.0 |       0 |       7 |   0.0 |   401
           D:9 |       0 |    2561 |   0.0 |       0 |      13 |   0.0 |   936
          D:10 |       0 |    5210 |   0.0 |       0 |      39 |   0.0 |   469
          D:11 |       0 |    2348 |   0.0 |       0 |      13 |   0.0 |   508
          D:12 |       0 |    5595 |   0.0 |       0 |      27 |   0.0 |   798
          D:13 |       0 |    4469 |   0.0 |       0 |      29 |   0.0 |   604
          D:14 |       0 |    7488 |   0.0 |       0 |      19 |   0.0 |   352
        Lair:1 |       0 |    6509 |   0.0 |       0 |      50 |   0.0 |   781
        Lair:2 |       0 |    1410 |   0.0 |       0 |       9 |   0.0 |   282
         Orc:1 |       0 |    2977 |   0.0 |       0 |      18 |   0.0 |   426
         Orc:2 |       0 |   12556 |   0.0 |       0 |      94 |   0.0 |  1061
           Lab |       0 |    1231 |   0.0 |       0 |       1 |   0.0 |   161
         Sewer |       0 |      93 |   0.0 |       0 |      22 |   0.0 |   630
       Ossuary |       0 |     320 |   0.0 |       0 |      37 |   0.0 |   448
               +---------+---------+-------+---------+---------+-------+---------
